 Dungeon Crawl Stone Soup version 0.19.1 (webtiles) character file.

412 M4edhros the Insei (level 6, -11/63 HPs)
             Began as an Octopode Chaos Knight on Dec 26, 2016.
             Mangled by a tarantella (shapeshifter) (19 damage)
             ... on level 3 of the Dungeon.
             The game lasted 00:10:32 (15685 turns).

M4edhros the Insei (Octopode Chaos Knight)         Turns: 15685, Time: 00:10:32

Health: -11/63     AC: 23    Str: 21    XL:     6   Next: 90%
Magic:  15/15      EV:  2    Int: 23    God:    Xom [*.....]
Gold:   123        SH:  0    Dex: 13    Spells: 0 memorised, 5 levels left

rFire  + . .     SeeInvis +     r - +1 glaive (chaos)
rCold  . . .     Gourm    .     (shield currently unavailable)
rNeg   + + +     Faith    .     (helmet currently unavailable)
rPois  +         Spirit   .     (no amulet)
rElec  .         Reflect  .     c - ring of magical power
rCorr  .         Harm     .     n - ring of wizardry
MR     .....     NoTele   +     o - ring of protection from cold
Stlth  +.........               t - ring of fire
                                z - ring of teleportation
                                (no ring)
                                (no ring)
                                (no ring)

@: confused, mighty, brilliant, tree-form
A: almost no armour, stealthy swim, (amphibious), 8 rings, (constrict 8), (fangs
0), (tentacle spike 0), (icy blue scales 0), (large bone plates 0), (camouflage
0), see invisible, clever 2, sense surroundings 1, (poison resistance), strong
2, (gelatinous body 0), evolution 1
a: Renounce Religion


You were on level 3 of the Dungeon.
You worshipped Xom.
You were a special plaything of Xom.
You were not hungry.
You were a tree.
You visited 1 branch of the dungeon, and saw 4 of its levels.

You collected 123 gold pieces.

Inventory:

Hand Weapons
 d - a +0 flail
 r - a +1 glaive of chaos (weapon)
 s - a +1 hunting sling of flaming
Missiles
 g - 7 curare-tipped needles
Armour
 b - a +0 shield
Jewellery
 c - a ring of magical power (left branch)
 e - an uncursed ring of ice
 n - a ring of wizardry (right branch)
 o - a ring of protection from cold (on tentacle)
 t - a ring of fire (on tentacle)
 z - a ring of teleportation (on tentacle)
Scrolls
 f - a scroll of immolation
 k - a scroll of enchant weapon {unknown}
 u - 4 scrolls of fog
 w - a scroll of noise {unknown}
 x - 2 scrolls of recharging
 y - a scroll of teleportation {unknown}
Potions
 h - a potion of haste
 j - a potion of curing
 v - a potion of lignification
 A - a potion of degeneration {unknown}
Comestibles
 a - 3 bread rations
 l - a meat ration
 q - 2 slices of pizza


   Skills:
 - Level 3.0 Fighting
 * Level 4.5 Polearms
 - Level 2.3 Dodging
 - Level 5.7 Unarmed Combat


You had 5 spell levels left.
You didn't know any spells.

Dungeon Overview and Level Annotations

Branches:
Dungeon (4/15)
 Temple: D:4-7

Altars:
Elyvilon
Makhleb
Trog
Xom

Annotations:
D:2 exclusion: downstairs


Innate Abilities, Weirdness & Mutations

You cannot wear most types of armour.
You are very stealthy in the water. (Stealth+)
((You are amphibious.))
You can wear up to eight rings at the same time.
((You can use your tentacles to constrict eight enemies at once.))
((Your skin changes colour to match your surroundings (Stealth+).))
((Your rubbery body absorbs attacks. (AC +1, EV +1)))
((You have very sharp teeth.))
((One of your tentacles bears a nasty spike.))
((You are partially covered in icy blue scales. (AC +2)))
((You are partially covered in large bone plates. (SH +4)))
You have supernaturally acute eyesight. (SInv)
Your mind is very acute. (Int +4)
You passively map a small area around you.
((Your system is resistant to poisons. (rPois)))
Your muscles are very strong. (Str +4)
You evolve.


Message History

You are confused.
You're too confused!
Unknown command.
You feel better. The tarantella bites you!
The tarantella bites you but does no damage. x2
You barely miss the tarantella.
The tarantella is heavily wounded.
The tarantella bites you but does no damage.
The tarantella bites you! The tarantella barely misses you.
You closely miss the tarantella.
The tarantella is heavily wounded.
The tarantella barely misses you.
The tarantella bites you but does no damage.
The tarantella bites you!
* * * LOW HITPOINT WARNING * * *
A shower of butterflies erupts from you!
You are confused.
The tarantella bites you!!
You die...
Xom titters!

......##.# #..##.# # ......##.#
##(##.# ####### ......##.######
#..#.# #......
......#.......####.#.######......
#####.#....).....................
#.#.......####.#.###..#......
#.############...###..##.####
#.........b..s............#
##############.b♣#...#######<.#
..........# #b..#........###.# #
#########.# ##########...# #.# #
#####.## ###K#####..###.###
#......# #8...8# #..##....#
#......# ##.....###..##.(..#
#......####8.....8##..##....#
#####.....##[....###..##..)..
########8...8##...##....#


You could see a tarantella (berserk) and a kobold.

Vanquished Creatures
  A hound (D:3)
  A bullfrog skeleton (D:4)
  Jessica (D:3)
  2 worker ants (D:4)
  2 gnolls
  15 adders
  An ooze (D:2)
  8 worms
  3 dart slugs
  A leopard gecko (D:1)
  An orc (D:4)
  A ball python (D:4)
  2 giant cockroaches
  6 goblins
  10 hobgoblins
  2 jackals
  15 kobolds
  4 quokkas
  11 bats
  8 frilled lizards
  10 rats
105 creatures vanquished.

Notes
Turn   | Place    | Note
-------+----------+-------------------------------------------
     0 | D:1      | M4edhros the Octopode Chaos Knight began the quest for the Orb.
     0 | D:1      | Reached XP level 1. HP: 16/16 MP: 1/1
    35 | D:1      | XOM: divination: detect creatures
   134 | D:1      | XOM: harmless Tloc miscast
   226 | D:1      | XOM: harmless Tmut miscast
   255 | D:1      | XOM: divination: magic mapping
   368 | D:1      | XOM: harmless Erth miscast
   400 | D:1      | XOM: divination: detect items
   845 | D:1      | XOM is BORED!
   845 | D:1      | XOM: silly message
  1037 | D:1      | XOM: noise
  1217 | D:1      | Reached XP level 2. HP: 8/21 MP: 2/2
  1262 | D:1      | XOM: harmless Chrm miscast
  1651 | D:1      | XOM: god gift: flail {god gift}
  1943 | D:1      | XOM is BORED!
  1943 | D:1      | XOM: summons 1 hostile demon
  2015 | D:1      | XOM: scenery: create altars
  2687 | D:1      | Reached skill level 4 in Unarmed Combat
  2701 | D:1      | XOM: polymorph goblin -> frilled lizard
  2748 | D:1      | Reached XP level 3. HP: 25/26 MP: 3/3
  3660 | D:2      | XOM: give mutation
  3660 | D:2      | Gained mutation: You are agile. (Dex +2) [Xom's grace]
  4152 | D:2      | Reached XP level 4. HP: 21/31 MP: 4/4
  4153 | D:2      | XOM: 1-stop teleportation journey
  4164 | D:2      | Found a bloodstained altar of Trog.
  4166 | D:2      | XOM: butterfly on damage
  4175 | D:2      | Reached skill level 5 in Unarmed Combat
  4662 | D:2      | Reached XP level 5. HP: 36/36 MP: 5/5
  4704 | D:2      | XOM: cloud trail
  4908 | D:2      | XOM: god gift: glowing glaive {god gift}
  5529 | D:2      | Reached skill level 1 in Polearms
  5642 | D:2      | XOM: divination: detect creatures
  5796 | D:2      | XOM: harmless Necr miscast
  5894 | D:2      | XOM: medium Erth miscast
  6343 | D:3      | XOM: stealth player
  6343 | D:3      | Noticed Jessica
  6347 | D:3      | Killed Jessica
  6658 | D:3      | XOM: cloud trail
  6735 | D:3      | XOM: scenery: create altars
  6744 | D:3      | Found a white marble altar of Elyvilon.
  6748 | D:3      | Found a burning altar of Makhleb.
  6864 | D:3      | XOM: harmless Necr miscast
  7100 | D:3      | XOM: noise
  7241 | D:3      | XOM: cast spell 'Summon Butterflies'
  7620 | D:3      | XOM: give mutations
  7620 | D:3      | Gained mutation: Your muscles are strong. (Str +2) [Xom's grace]
  7620 | D:3      | Gained mutation: Your flesh is heat resistant. (rF+) [Xom's grace]
  7620 | D:3      | Gained mutation: Your muscles are very strong. (Str +4) [Xom's grace]
  7797 | D:3      | XOM: mild Fire miscast
  7878 | D:3      | Reached XP level 6. HP: 42/42 MP: 6/6
  8077 | D:3      | XOM: harmless Air miscast
  8118 | D:3      | XOM: 9-stop teleportation journey
  8240 | D:3      | XOM: cast spell 'Necromutation'
  8960 | D:3      | XOM: give mutations
  8960 | D:3      | Lost mutation: You are agile. (Dex +2) [Xom's mischief]
  8960 | D:3      | Lost mutation: Your flesh is heat resistant. (rF+) [Xom's mischief]
  8972 | D:3      | XOM: give mutations
  8972 | D:3      | Gained mutation: You are partially covered in large bone plates. (SH +4) [Xom's grace]
  8972 | D:3      | Gained mutation: Your mind is acute. (Int +2) [Xom's grace]
  8972 | D:3      | Gained mutation: You are partially covered in icy blue scales. (AC +2) [Xom's grace]
  9505 | D:3      | XOM: mild Chrm miscast
  9583 | D:4      | XOM: divination: detect creatures
  9748 | D:3      | XOM: divination: detect items
 10943 | D:3      | XOM: divination: magic mapping
 11717 | D:3      | XOM: divination: detect items
 11763 | D:3      | XOM: give mutations
 11763 | D:3      | Gained mutation: Your system is resistant to poisons. (rPois) [Xom's grace]
 11763 | D:3      | Gained mutation: You evolve. [Xom's grace]
 11763 | D:3      | Gained mutation: You passively map a small area around you. [Xom's grace]
 11779 | D:3      | XOM: give mutations
 11779 | D:3      | Gained mutation: Your mind is very acute. (Int +4) [Xom's grace]
 11779 | D:3      | Gained mutation: One of your tentacles bears a spike. [Xom's grace]
 11779 | D:3      | Gained mutation: One of your tentacles bears a nasty spike. [Xom's grace]
 12090 | D:3      | XOM: cloud trail
 12352 | D:3      | XOM: give mutations
 12352 | D:3      | Gained mutation: You have supernaturally acute eyesight. (SInv) [Xom's grace]
 12352 | D:3      | Gained mutation: You have very sharp teeth. [Xom's grace]
 12489 | D:3      | XOM is BORED!
 12572 | D:3      | XOM: swap monsters
 12657 | D:3      | XOM: harmless Air miscast
 12897 | D:3      | XOM: harmless Pois miscast
 12940 | D:3      | XOM: harmless Conj miscast
 12954 | D:3      | XOM: harmless Summ miscast
 14082 | D:3      | XOM: silly message
 14148 | D:3      | XOM: divination: detect creatures
 14504 | D:3      | Noticed a snapping turtle
 15315 | D:3      | XOM: summons 2 hostile demons
 15672 | D:3      | Noticed a tarantella
 15685 | D:3      | XOM: butterfly on damage
 15685 | D:3      | Mangled by a tarantella (shapeshifter)

Skill      XL: |  1  2  3  4  5  6 |
---------------+-------------------+-----
Unarmed Combat | 4 5 |  5.7
Polearms       | 2 4 |  4.5
Fighting       | |  3.0
Dodging        | |  2.3

Action                   |  1- 3 |  4- 6 || total
-------------------------+-------+-------++-------
Melee: Unarmed           |    55 |    62 ||   117
       Constrict         |    14 |    41 ||    55
       Tentacles         |    11 |    29 ||    40
       Flail             |    10 |       ||    10
       Punch             |     3 |     6 ||     9
       Glaive            |       |   124 ||   124
       Kick              |       |     2 ||     2
  Use: Potion            |       |     9 ||     9
       Scroll            |       |     7 ||     7
 Stab: Distracted        |     1 |     4 ||     5
       Sleeping          |     2 |     6 ||     8
  Eat: Chunk             |     9 |    24 ||    33
       Meat ration       |       |     3 ||     3
Armor: Skin              |     5 |    22 ||    27
Dodge: Dodged            |    39 |    98 ||   137
Block: Other             |       |     6 ||     6
